Map: Pride of Altaris LE

Players

Nina - Winner!

  • Race: Protoss Protoss
  • League: Grandmaster

ByuN

  • Race: Terran Terran

Event: DreamHack SC2 Masters Last Chance 2022

VOD

Have the link to the VOD?

Description

Time

  • Played on: Dec. 19, 2021, 8:05 p.m.
  • Length: 12:22

All games in this series

Show
View Real Time Build Order
Export as new Build Order

Nina Protoss - Winner!

Build Orders: 1 Gate Expand, Colossus Rush 

Get SALT Encoding   

  12  0:00  Probe  
  13  0:12  Probe  
  14  0:18  Pylon  
  14  0:24  Probe (Chrono Boost)  
  15  0:36  Probe (Chrono Boost)  
  15  0:39  Gateway  
  16  0:45  Probe (Chrono Boost)  
  16  0:48  Assimilator  
  17  0:51  Probe  
  18  1:03  Probe  
  19  1:15  Probe  
  20  1:26  Cybernetics Core  
  20  1:34  Nexus  
  20  1:41  Pylon  
  20  1:44  Probe  
  21  1:57  Probe  
  21  2:00  Adept (Chrono Boost)  
  22  2:03  Shield Battery  
  24  2:09  Probe  
  24  2:13  Assimilator  
  25  2:19  Warp Gate  
  25  2:22  Probe (Chrono Boost)  
  26  2:23  Stalker  
  28  2:33  Probe (Chrono Boost)  
  29  2:38  Probe (Chrono Boost)  
  30  2:47  Probe  
  30  2:48  Probe  
  32  2:59  Probe (Chrono Boost)  
  32  3:02  Stalker  
  32  3:05  Probe (Chrono Boost)  
  36  3:10  Robotics Facility, Probe (Chrono Boost)  
  37  3:15  Probe x2 (Chrono Boost)  
  39  3:25  Probe x2  
  41  3:33  Pylon  
  41  3:35  Stalker (Chrono Boost)  
  41  3:37  Probe x2, Shield Battery  
  43  3:41  Gateway  
  43  3:49  Probe x2  
  45  3:59  Robotics Bay  
  45  4:01  Observer (Chrono Boost), Probe  
  45  4:02  Probe  
  46  4:07  Assimilator  
  46  4:11  Assimilator, Pylon  
  46  4:13  Probe  
  46  4:14  Probe  
  48  4:17  Stalker  
  48  4:20  Warp Prism (Chrono Boost)  
  48  4:24  Pylon  
  52  4:25  Probe  
  52  4:26  Probe  
  54  4:37  Probe  
  55  4:43  Pylon  
  55  4:44  Probe  
  56  4:47  Gravitic Drive  
  56  4:48  Colossus (Chrono Boost)  
  56  4:51  Probe  
  63  4:55  Observer  
  63  5:01  Twilight Council  
  63  5:02  Pylon  
  63  5:06  Stalker  
  65  5:07  Probe  
  65  5:13  Nexus  
  66  5:21  Pylon  
  66  5:24  Stalker  
  66  5:25  Probe  
  69  5:30  Stalker  
  69  5:33  Observer (Chrono Boost)  
  72  5:40  Probe  
  73  5:47  Gateway  
  73  5:49  Gateway  
  73  5:51  Charge  
  73  5:52  Gateway x2  
  73  5:53  Extended Thermal Lance  
  73  5:59  Colossus (Chrono Boost)  
  79  6:04  Probe  
  79  6:09  Probe  
  81  6:16  Probe  
  82  6:21  Probe  
  83  6:28  Gateway, Probe, Sentry x2  
  83  6:29  Probe, Forge  
  83  6:30  Pylon  
  89  6:34  Probe, Pylon  
  90  6:40  Probe  
  90  6:44  Sentry  
  90  6:45  Colossus (Chrono Boost)  
  90  6:46  Probe x2  
  95  6:48  Shield Battery  
  95  6:53  Probe  
  101  6:54  Stalker  
  101  6:58  Probe  
  103  7:03  Probe  
  103  7:05  Probe  
  98  7:12  Zealot  
  98  7:13  Zealot x3, Protoss Ground Weapons Level 1 (Chrono Boost)  
  98  7:15  Probe x2  
  108  7:17  Probe  
  109  7:23  Zealot x2  
  109  7:27  Pylon  
  113  7:32  Observer  
  113  7:35  Zealot x3  
  120  7:38  Zealot  
  122  7:45  Pylon  
  122  7:46  Zealot x2  
  122  7:47  Zealot  
  110  8:03  Zealot x4  
  110  8:04  Warp Prism (Chrono Boost)  
  92  8:13  Stalker  
  92  8:14  Stalker x2, Probe x2  
  92  8:19  Probe  
  101  8:20  Assimilator  
  101  8:21  Assimilator  
  101  8:24  Forge  
  101  8:25  Sentry  
  101  8:26  Probe, Sentry  
  106  8:29  Templar Archives  
  106  8:36  Probe  
  106  8:40  Observer (Chrono Boost)  
  107  8:44  Zealot x2, Nexus  
  107  8:48  Blink  
  111  8:57  Probe, Pylon  
  111  8:59  Probe  
  111  9:00  Photon Cannon  
  111  9:01  Protoss Ground Armor Level 1 (Chrono Boost)  
  114  9:03  Protoss Ground Weapons Level 2 (Chrono Boost)  
  114  9:09  Psionic Storm  
  113  9:11  High Templar  
  115  9:19  High Templar  
  115  9:20  Pylon  
  115  9:21  Probe x2  
  119  9:25  Pylon  
  117  9:32  Zealot, Probe  
  117  9:33  Zealot  
  122  9:38  High Templar  
  122  9:39  Observer, Pylon  
  122  9:40  Zealot x2  
  122  9:41  Observer  
  122  9:42  Probe  
  129  9:47  Probe  
  129  9:51  High Templar x2  
  135  9:55  Gateway x2  
  135  9:58  Pylon  
  135  9:59  Gateway, Probe  
  136  10:00  Archon  
  136  10:02  Observer  
  136  10:03  Disruptor  
  139  10:11  High Templar  
  141  10:15  Zealot x3  
  141  10:19  Assimilator x2  
  141  10:20  Pylon  
  147  10:22  Probe, Shield Battery  
  148  10:37  Stalker x6  
  160  10:49  Zealot x2  
  164  10:52  Disruptor  
  164  10:57  Zealot x2  
  171  11:09  High Templar x2  
  171  11:10  Zealot x3  
  181  11:14  Archon  
  181  11:15  Nexus  
  181  11:16  Zealot x2  
  181  11:17  High Templar x2  
  189  11:26  Zealot  
  189  11:36  Archon  
  189  11:37  Zealot x3  
  189  11:38  Zealot x2  
  197  11:46  Zealot x3  
  172  12:04  Zealot x2  
  172  12:05  Zealot x5  
Show
View Real Time Build Order
Export as new Build Order

ByuN Terran 

Build Orders: Reaper Expand 

Get SALT Encoding   

  12  0:00  SCV  
  13  0:12  SCV  
  14  0:17  Supply Depot  
  14  0:24  SCV  
  15  0:38  SCV  
  15  0:40  Barracks  
  15  0:42  Refinery  
  16  0:50  SCV  
  17  1:03  SCV  
  18  1:15  SCV  
  19  1:28  Reaper, Orbital Command  
  20  1:45  Command Center  
  20  1:54  SCV  
  20  1:56  Supply Depot  
  20  2:00  Barracks Tech Lab  
  21  2:04  Refinery  
  21  2:06  SCV  
  22  2:18  SCV  
  22  2:19  Marauder, Concussive Shells  
  25  2:31  SCV  
  25  2:34  Factory  
  26  2:40  Marauder  
  26  2:43  SCV  
  29  2:49  Barracks  
  29  2:55  SCV  
  30  3:06  Orbital Command  
  30  3:07  SCV  
  30  3:11  Barracks Reactor  
  31  3:19  Widow Mine, SCV  
  34  3:22  Starport  
  34  3:33  SCV x2  
  36  3:41  Widow Mine  
  37  3:45  Supply Depot, SCV  
  37  3:46  SCV  
  39  3:48  Marine  
  39  3:49  Marine  
  39  3:50  Marine  
  39  3:52  Stimpack  
  42  3:58  SCV x2  
  42  4:07  Widow Mine  
  42  4:09  Medivac, Bunker  
  44  4:10  SCV x2  
  44  4:11  Marine x3  
  44  4:16  Supply Depot  
  49  4:22  SCV x2  
  51  4:28  Supply Depot, Barracks  
  51  4:29  Factory Tech Lab  
  51  4:34  SCV x2  
  53  4:38  Marine x2  
  53  4:39  Marauder  
  57  4:46  SCV x2  
  57  4:48  Supply Depot, Refinery  
  59  4:53  Siege Tank  
  59  4:58  SCV x2  
  64  5:01  Marauder, Marine  
  64  5:02  Marine  
  68  5:10  SCV x2  
  68  5:12  Engineering Bay  
  68  5:13  Supply Depot  
  70  5:16  Barracks Tech Lab  
  70  5:17  Starport Reactor  
  70  5:18  Supply Depot  
  70  5:22  SCV x2  
  70  5:23  Marauder  
  70  5:24  Marine  
  70  5:25  Marine  
  76  5:31  Refinery  
  76  5:34  Siege Tank  
  79  5:36  Combat Shield  
  79  5:38  Terran Infantry Weapons Level 1  
  79  5:40  Supply Depot  
  79  5:42  SCV  
  80  5:46  Marine x2  
  80  5:47  Marauder  
  84  5:50  Marauder  
  86  6:02  Supply Depot  
  86  6:05  Viking  
  86  6:09  Viking  
  89  6:13  Marauder x2  
  89  6:14  Marine x2  
  95  6:22  Missile Turret, Siege Tank  
  98  6:35  Missile Turret, Medivac  
  98  6:36  Command Center  
  98  6:39  Medivac  
  102  6:41  SCV x2  
  102  6:46  Marauder x2, Marine x2  
  110  7:04  Marine  
  110  7:11  Supply Depot, Marine  
  110  7:13  Medivac  
  110  7:15  Marauder  
  109  7:17  Marauder, Medivac, Siege Tank  
  109  7:18  SCV x2  
  109  7:20  Barracks x2  
  118  7:33  Marine x2, Terran Infantry Armor Level 1  
  118  7:36  Marauder  
  122  7:56  Marauder  
  122  7:58  Marauder  
  113  8:02  Marine  
  113  8:04  SCV  
  113  8:05  SCV  
  85  8:12  Viking  
  85  8:13  Viking  
  85  8:14  Barracks Tech Lab  
  85  8:15  Barracks Reactor  
  85  8:17  Marauder, SCV x2  
  85  8:19  Marauder, Armory  
  94  8:20  Engineering Bay, Marine  
  94  8:21  Marine  
  94  8:22  Siege Tank  
  99  8:29  SCV x2  
  101  8:40  Orbital Command  
  101  8:41  SCV x2  
  102  8:42  Missile Turret  
  102  8:43  Marauder x2  
  102  8:44  Marauder  
  102  8:45  Viking  
  110  8:51  Viking  
  110  8:53  SCV  
  112  8:55  SCV  
  112  9:00  Marine x2  
  112  9:02  Marine x2  
  117  9:05  SCV, Siege Tank  
  117  9:07  SCV  
  117  9:08  SCV  
  123  9:12  Refinery x2  
  123  9:15  Marauder  
  127  9:17  Marauder x2, SCV  
  127  9:19  SCV  
  127  9:21  Supply Depot  
  127  9:24  Terran Infantry Weapons Level 2  
  131  9:30  Marine x2  
  132  9:33  Viking x2, Marine x2  
  138  9:40  Missile Turret  
  138  9:42  Ghost Academy  
  138  9:45  Supply Depot, Terran Infantry Armor Level 2  
  141  9:52  Supply Depot  
  141  9:56  Marauder x3, Marine  
  141  9:58  Marine  
  141  9:59  Marine  
  149  10:00  Marine  
  149  10:02  Supply Depot  
  148  10:10  Sensor Tower  
  148  10:18  Command Center  
  148  10:19  Ghost x2  
  152  10:24  Ghost  
  152  10:28  Enhanced Shockwaves  
  154  10:34  Marine x3  
  156  10:48  Marauder  
  156  10:49  Marauder  
  160  10:53  Marauder, Barracks  
  160  10:54  Barracks  
  160  10:55  Barracks  
  160  10:56  Marine  
  163  10:59  Marine x2  
  163  11:03  Supply Depot  
  165  11:11  Ghost x2  
  165  11:14  Ghost  
  171  11:20  Marine x2  
  171  11:24  Supply Depot, Marine x2  
  175  11:26  Supply Depot  
  172  11:48  Ghost x3  
  172  11:50  Marine x3  

Tags
 
Add a new tag
Caveats
  • Supply blocks, unpowered buildings, or Contaminate may cause inaccurate times.
  • Supply counts are checked every 10 seconds.